 Dungeon Crawl Stone Soup version 0.31-a0-234-gad7ace16ef (webtiles) character file.

Game seed: 3947237329095452181

133 qw the Shooter (level 4, -1/36 HPs)
             Began as a Minotaur Hexslinger on July 9, 2023.
             Slain by a gnoll
             ... wielding a +0 spear
              (4 damage)
             ... on level 3 of the Dungeon.
             The game lasted 00:00:32 (1527 turns).

qw the Shooter (Minotaur Hexslinger)                Turns: 1527, Time: 00:00:32

Health: -1/36      AC:  5    Str: 12    XL:     4   Next: 94%
Magic:  4/4        EV: 11    Int: 10    God:
Gold:   107        SH:  0    Dex: 15    Spells: 4/5 levels left

rFire   . . .        Y - +1 sling
rCold   . . .        (no shield)
rNeg    . . .        f - +0 ring mail
rPois   .            (helmet restricted)
rElec   .            (no cloak)
rCorr   .            (no gloves)
SInv    .            (no boots)
Will    .....        (no amulet)
Stlth   +            (no ring)
HPRegen 0.26/turn    (no ring)
MPRegen 0.09/turn

%: no passive effects
@: no status effects
A: horns 2, retaliatory headbutt
a: no special abilities


You were on level 3 of the Dungeon.
You visited 1 branch of the dungeon, and saw 3 of its levels.

You collected 107 gold pieces.


Innate Abilities, Weirdness & Mutations

You have a pair of horns on your head.
You reflexively headbutt those who attack you in melee.


   Skills:
 + Level 2.0 Fighting
 - Level 5.2 Ranged Weapons
 - Level 1.3 Armour
 - Level 2.1 Dodging
 - Level 1.0 Spellcasting
 - Level 2.0 Hexes


You had 4 spell levels left.
You knew the following spells:

 Your Spells              Type           Power      Damage    Failure   Level
a - Slow                  Hex            16%        N/A       32%         1

Your spell library contained the following spells:

 Spells                   Type           Power      Damage    Failure   Level
 Inner Flame              Hex/Fire       2%         N/A       83%         3
 Portal Projectile        Hex/Tloc       4%         N/A       83%         3
 Cause Fear               Hex            2%         N/A       97%         4

Inventory:

Hand Weapons
 Y - a +1 sling (weapon)
Armour
 f - a +0 ring mail (worn)
Potions
 b - a potion of heal wounds {unknown}
 e - a potion of brilliance {unknown}
 h - a potion of enlightenment {unknown}

Dungeon Overview and Level Annotations

Branches:
Dungeon (3/15)

Altars:


Message History

Jessica mumbles some strange words.
Jessica blinks!
A rat comes into view.
Jessica mumbles some strange words.
Jessica blinks!
You shoot a sling bullet. The sling bullet hits the rat.
You kill the rat!
A gnoll comes into view. It is wielding a +0 halberd.
A gnoll comes into view. It is wielding a +0 club.
You shoot a sling bullet. The sling bullet hits the gnoll.
The gnoll is moderately wounded.
A hobgoblin comes into view.
The gnoll hits you with a +0 club.
The gnoll hits you from afar with a +0 spear.
A gnoll comes into view. It is wielding a +0 club.
You shoot a sling bullet. The sling bullet hits the gnoll.
The gnoll is severely wounded.
The gnoll misses you. The gnoll barely misses you.
You shoot a sling bullet. The sling bullet hits the gnoll.
You kill the gnoll!
The gnoll hits you from afar with a +0 spear.
The gnoll misses you. Jessica hits you with a +10 club!
You shoot a sling bullet. The sling bullet hits Jessica.
Jessica is heavily wounded.
The gnoll hits you from afar with a +0 spear.
Jessica gestures wildly while chanting.
Jessica seems to speed up.
You shoot a sling bullet. The sling bullet hits Jessica!
You kill Jessica!
You hear an angry hiss.
The gnoll hits you but does no damage.
Your Ranged Weapons skill increases to level 5!
You shoot a sling bullet. The sling bullet hits the gnoll.
The gnoll is almost dead.
The gnoll hits you from afar with a +0 spear.
The hobgoblin hits you.
You shoot a sling bullet.
The sling bullet hits the hobgoblin but does no damage.
The gnoll hits you from afar with a +0 spear.
You die...

..##.#######
.... ####.#
.... #.#
..... #.#
..... ###%#
...... #...#
.....g###.###
....ggg.#.#
#@#.# #...#
#####


You could see 3 gnolls and a hobgoblin.

Vanquished Creatures
  An orc priest (D:3)
  Jessica (D:3)
  A gnoll (D:3)
  3 adders (D:2)
  A worm (D:2)
  4 orcs (D:3)
  2 ball pythons
  A bat (D:1)
  2 endoplasms (D:2)
  A giant cockroach (D:1)
  5 hobgoblins (D:1)
  A quokka (D:1)
  3 frilled lizards
  4 goblins
  A kobold (D:1)
  5 rats
36 creatures vanquished.

Notes
Turn   | Place    | Note
-------+----------+-------------------------------------------
     0 | D:1      | qw the Minotaur Hexslinger began the quest for the Orb.
     0 | D:1      | Reached XP level 1. HP: 16/16 MP: 1/1
     0 | D:1      | 0 ||| qw: Version: 0.3-a-51-g015441d
     0 | D:1      | 0 ||| qw: Game counter: 4357
     0 | D:1      | 0 ||| qw: Melee chars always use a shield: true
     0 | D:1      | 0 ||| qw: God list: Okawaru
     0 | D:1      | 0 ||| qw: Allow faded altars: false
     0 | D:1      | 0 ||| qw: Do Orc after clearing Dungeon:15 true
     0 | D:1      | 0 ||| qw: Do second Lair branch before Depths: true
     0 | D:1      | 0 ||| qw: Lair rune preference: random
     0 | D:1      | 0 ||| qw: Goals: Normal
     0 | D:1      | 0 ||| PLANNING D:1-11
   131 | D:1      | Reached skill level 3 in Ranged Weapons
   163 | D:1      | Found a faded altar of an unknown god.
   168 | D:1      | Reached XP level 2. HP: 23/23 MP: 2/2
   736 | D:1      | 736 ||| UPGRADING to +0 leather armour.
   746 | D:1      | 746 ||| DROPPING +0 robe.
   747 | D:1      | 747 ||| UPGRADING to +0 ring mail.
   757 | D:1      | 757 ||| DROPPING +0 leather armour.
   758 | D:1      | 758 ||| READING scroll labelled BOBOAGGYDIU.
   759 | D:1      | 759 ||| DROPPING scroll of poison.
   915 | D:2      | Reached XP level 3. HP: 29/29 MP: 3/3
  1005 | D:2      | Identified the +0 scale mail "Deroceh" {Rampage rC- Dex+6
                  | SInv}
  1031 | D:2      | Reached skill level 4 in Ranged Weapons
  1262 | D:2      | Reached skill level 1 in Armour
  1335 | D:2      | 1335 ||| READING scroll labelled ROALOF NUOCVOR.
  1336 | D:2      | 1336 ||| READING scroll labelled BES BATSES.
  1391 | D:3      | Reached XP level 4. HP: 19/36 MP: 4/4
  1516 | D:3      | Noticed Jessica
  1525 | D:3      | Killed Jessica
  1526 | D:3      | Reached skill level 5 in Ranged Weapons
  1526 | D:3      | HP: 6/36 [gnoll/+0 spear (6)]
  1526 | D:3      | HP: 2/36 [hobgoblin (4)]
  1527 | D:3      | Slain by a gnoll

Levels and vault maps discovered:
D:1:      dpeg_arrival_rooms_c, layout_basic, ebering_ecumenical_altar_petrified
D:2:      layout_rooms, wander_ebering_terrifying_dragon_lair
D:3:      cheibrodos_pilgrimage, layout_basic,
          hangedman_abyss_or_decor_lesser_grid, uniq_ijyb, uniq_jessica,
          uniq_sigmund

Skill      XL: |  1  2  3  4 |
---------------+-------------+-----
Ranged Weapons | 3 4 5 |  5.2
Fighting       | 2 |  2.0
Armour         | 1 |  1.3
Dodging        | |  2.1
Spellcasting   | |  1.0
Hexes          | |  2.0

Action                     |  1- 3 |  4- 6 || total
---------------------------+-------+-------++-------
   Fire: Sling             |   107 |    19 ||   126
    Use: Scroll            |     3 |       ||     3
 Armour: Robe              |     1 |       ||     1
         Ring mail         |    15 |     3 ||    18
  Dodge: Dodged            |    33 |     6 ||    39

Table legend:
 A = Non-vault XP
 B = Vault XP
 C = Vault XP percentage of total XP
 D = Non-vault monster count
 E = Vault monster count
 F = Vault count percentage of total count
                 A         B        C        D         E       F
            +---------+---------+-------+---------+---------+-------
      Total |      98 |      93 |  48.7 |      29 |       7 |  19.4
            +---------+---------+-------+---------+---------+-------
        D:1 |      23 |       0 |   0.0 |      14 |       0 |   0.0
        D:2 |      58 |       1 |   1.7 |      12 |       1 |   7.7
        D:3 |      17 |      92 |  84.4 |       3 |       6 |  66.7
            +---------+---------+-------+---------+---------+-------
